 Dungeon Crawl Stone Soup version 0.17-a0-1411-g06ff558 (webtiles) character file.

70 nuthulu the Skirmisher (level 4, -9/30 HPs)
             Began as a Gargoyle Fighter on June 23, 2015.
             Killed from afar by a white imp (12 damage)
             ... with a puff of frost
             ... summoned by Natasha
             ... on level 2 of the Dungeon.
             The game lasted 00:03:17 (1180 turns).

nuthulu the Skirmisher (Gargoyle Fighter)           Turns: 1180, Time: 00:03:17

Health: -9/30      AC: 16    Str: 20    XL:     4   Next: 21%
Magic:  4/4        EV:  3    Int:  9    God:
Gold:   146        SH:  9    Dex:  9    Spells: 0 memorised, 3 levels left

rFire  . . .     SeeInvis .     a - +0 flail
rCold  . . .     Clarity  .     i - +0 plate armour
rNeg   + . .     SustAt   .     c - +0 shield
rPois  ∞         Gourm    .     (no helmet)
rElec  +         Spirit   .     (no cloak)
rCorr  .         Warding  .     k - +0 pair of gloves
rMut   .         Stasis   .     (no boots)
MR     .....                    (no amulet)
Stlth  ..........               (no ring)
                                (no ring)

@: slowed, very slow, not resistant to hostile enchantments, extremely
unstealthy
A: negative energy resistance 1, electricity resistance, unbreathing,
petrification resistance, rot immunity, AC +3
a: no special abilities


You were on level 2 of the Dungeon.
You were not hungry.

You visited 1 branch of the dungeon, and saw 2 of its levels.

You collected 146 gold pieces.

Inventory:

Hand weapons
 a - a +0 flail (weapon)
Armour
 c - a +0 shield (worn)
 i - a +0 plate armour (worn)
 k - a +0 pair of gloves (worn)
Magical devices
 n - a wand of slowing (30)
Scrolls
 h - 2 scrolls of immolation {unknown}
 j - a scroll of remove curse {unknown}
 m - a scroll of enchant weapon {unknown}
Potions
 d - a potion of might
 f - a potion of mutation
 o - a potion of curing
Comestibles
 e - a bread ration
 g - 8 chunks of flesh
 l - a meat ration


   Skills:
 * Level 4.6 Fighting
 * Level 3.1 Maces & Flails
 - Level 3.2 Armour
 - Level 3.2 Shields


You had 3 spell levels left.
You didn't know any spells.

Dungeon Overview and Level Annotations

Branches:
Dungeon (2/15)

Altars:

Annotations:
D:2 Natasha


Innate Abilities, Weirdness & Mutations

You are resistant to torment.
Your stone body is resilient (AC +3).
You are immune to poison.
You resist negative energy.
You are resistant to electric shocks.
You can survive without breathing.
You are immune to petrification.
You are immune to rotting.


Message History

The white imp gestures at you. The puff of frost hits you!
Natasha zaps a wand.
You feel as though you will be slow longer.
You block the crimson imp's attack. The white imp gestures at you.
The puff of frost hits you!
* * * LOW HITPOINT WARNING * * *
Natasha zaps a wand.
You resist with some effort.
The crimson imp hits you but does no damage.
You hit Natasha.
Natasha is almost dead.
Natasha gestures.
Suddenly you are surrounded with a pale green light.
Natasha claws you.
* * * LOW HITPOINT WARNING * * *
The white imp hits you but does no damage.
Natasha claws you but does no damage. The crimson imp barely misses you.
The white imp gestures at you. The puff of frost hits you!
You die...

#......... .# #.
#......... .# ..
#......... ..# .#
###....### ..
.######...##.#
#.#.##.....####.###
#.5.##.##### #...#
##5h##..# ###..
#.5@##.## ###
#.#....# ## #.
#..### ####.
#......# ##....
#...###.###
###...## #..#
....####.(..... #..
###..#........# ...
##.#..##.#..# $(
###.......(#.##


You could see Natasha, a crimson imp, a white imp and a shadow imp.

Vanquished Creatures
  Terence (D:1)
  6 bats
  2 giant cockroaches
  10 hobgoblins (D:1)
  3 jackals (D:1)
  A giant newt (D:1)
  5 goblins
  6 kobolds (D:1)
  6 rats
40 creatures vanquished.

Vanquished Creatures (others)
  4 toadstools (D:1)
4 creatures vanquished.

Grand Total: 44 creatures vanquished

Notes
Turn   | Place    | Note
--------------------------------------------------------------
     0 | D:1      | nuthulu the Gargoyle Fighter began the quest for the Orb.
     0 | D:1      | Reached XP level 1. HP: 14/14 MP: 1/1
   122 | D:1      | Reached XP level 2. HP: 19/19 MP: 2/2
   787 | D:1      | Reached skill level 4 in Fighting
   801 | D:1      | Reached XP level 3. HP: 24/24 MP: 3/3
  1011 | D:2      | Noticed Terence
  1047 | D:1      | Killed Terence
  1047 | D:1      | Reached XP level 4. HP: 28/30 MP: 4/4
  1171 | D:2      | Noticed Natasha
  1180 | D:2      | Killed from afar by a white imp

Vault maps used:
D:1:      ldierk_walled_garden_2
D:2:      grunt_temple_overflow_open, uniq_natasha, uniq_terence, uniq_jessica,
          uniq_sigmund

Action                   |  1- 3 |  4- 6 || total
-------------------------+-------+-------++-------
Melee: Flail             |   107 |    26 ||   133
  Use: Scroll            |     1 |     1 ||     2
  Eat: Chunk             |     1 |       ||     1
